 Dungeon Crawl Stone Soup version 0.14-a0-2679-gcb94c3d (webtiles) character file.

206 RedPan the Cudgeler (level 5, -1/32 HPs)
             Began as a Gargoyle Fighter on Feb 17, 2014.
             Slain by an orc
             ... wielding a +1,+2 orcish mace
              (3 damage)
             ... on Level 3 of the Dungeon.
             The game lasted 00:06:10 (1741 turns).

RedPan the Cudgeler (Gargoyle Fighter)              Turns: 1741, Time: 00:06:10

HP  -1/32        AC 13     Str 21      XL: 5   Next: 48%
MP   0/5         EV  5     Int  8      God:
Gold 39          SH 18     Dex  9      Spells:  0 memorised,  4 levels left

rFire  . . .     SeeInvis .     a - +0 mace
rCold  . . .     Clarity  .     l - +0 chain mail
rNeg   + . .     Conserve .     c - +0 shield
rPois  +         rCorr    .     (no helmet)
rElec  +         rRot     +     (no cloak)
SustAb . .       Spirit   +     (no gloves)
rMut   .         Warding  .     (no boots)
Saprov . . .     Stasis   .     r - amulet of guardian spirit
MR     .....                    (no ring)
                                o - ring of flight

@: not resistant to hostile enchantments, extremely unstealthy
A: life protection 1, electricity resistance, unbreathing, petrification
resistance, AC +4
a: Evoke Flight


You were on level 3 of the Dungeon.
You were not hungry.

You visited 1 branch of the dungeon, and saw 3 of its levels.

You collected 39 gold pieces.

Inventory:

Hand weapons
 a - a +0,+0 mace (weapon)
Armour
 c - a +0 shield (worn)
 l - a +0 chain mail (worn)
Comestibles
 b - a pear
 d - 5 bread rations
 m - a lychee
 n - a cheese
 p - a choko
 u - a chunk of giant gecko flesh
Scrolls
 e - 4 scrolls of remove curse {unknown}
 f - 2 scrolls of identify {unknown}
 g - a scroll of immolation {unknown}
 h - a scroll of random uselessness {unknown}
 q - a scroll of amnesia {unknown}
 s - a scroll of recharging {unknown}
 t - a scroll of enchant weapon II {unknown}
Jewellery
 o - a ring of flight (left hand)
 r - an amulet of guardian spirit (around neck)
Potions
 i - a potion of might {unknown}
 j - a potion of paralysis {unknown}
 k - a potion of curing {unknown}


   Skills:
 - Level 3.2 Fighting
 + Level 6.0 Maces & Flails
 - Level 3.2 Armour
 - Level 3.2 Shields


You had 4 spell levels left.
You didn't know any spells.

Dungeon Overview and Level Annotations

Branches:
Dungeon (3/16)

Altars:
Elyvilon


Innate Abilities, Weirdness & Mutations

You are resistant to torment.
You are immune to poison.
Your stone body is very resilient (AC +4).
You resist negative energy.
You are resistant to electric shocks.
You can survive without breathing.
You are immune to petrification.


Message History

The orc hits you with an orcish whip.
* * * LOW HITPOINT WARNING * * *
The orc hits you but does no damage.
You are too injured to fight recklessly!
You are too injured to fight recklessly!
You are too injured to fight recklessly!
You are too injured to fight recklessly!
You miss the orc wizard.
The orc wizard is heavily wounded.
The orc wizard points at you and mumbles some strange words.
The magic dart hits you!
* * * LOW HITPOINT WARNING * * *
You block the orc's attack. The orc wizard barely misses you.
The orc hits you but does no damage.
You hit the orc.
The orc is severely wounded.
The orc wizard hits you but does no damage.
You block the orc's attack. The orc hits you but does no damage.
The orc hits you with an orcish mace.
You die...

#.. ### #.# #........
#.#+## #......... #
#....# #........<.
#.#....+ #..?......#
#.#.<..# #.........#
#......# #.........#
#####....# #...o.....#
.........# #...@o....#
#........##.#...oo....#
##'########>..........#
#..# ###.........#
##.## #####.##### #..#
#..# ###.###
########'## #.....#
#.........#
#.....####.........#


You could see an orc wizard and 3 orcs.

Vanquished Creatures
  5 gnolls
  4 adders
  A giant mite (D:2)
  An inept feature mimic (D:2)
  3 giant geckos
  An ooze (D:1)
  3 giant cockroaches
  7 goblins
  5 hobgoblins (D:1)
  11 jackals
  12 kobolds
  A ball python (D:1)
  6 bats
  2 giant newts
  6 rats
68 creatures vanquished.

Notes
Turn   | Place    | Note
--------------------------------------------------------------
     0 | D:1      | RedPan, the Gargoyle Fighter, began the quest for the Orb.
     0 | D:1      | Reached XP level 1. HP: 14/14 MP: 1/1
   145 | D:1      | Reached XP level 2. HP: 12/19 MP: 2/2
   274 | D:1      | Reached XP level 3. HP: 12/23 MP: 3/3
   421 | D:1      | Reached skill level 4 in Maces & Flails
   695 | D:2      | Reached XP level 4. HP: 28/28 MP: 4/4
   869 | D:2      | Reached skill level 5 in Maces & Flails
   900 | D:2      | Reached XP level 5. HP: 16/32 MP: 5/5
  1256 | D:2      | Found a white marble altar of Elyvilon.
  1691 | D:3      | Reached skill level 6 in Maces & Flails
  1741 | D:3      | Slain by an orc

Action                   |  1- 3 |  4- 6 || total
-------------------------+-------+-------++-------
Melee: Mace              |   151 |   157 ||   308
